 Dungeon Crawl Stone Soup version 0.27-a0-1188-g73eefd5def (webtiles) character file.

Game seed: 11613000214553658314

214 flotson the Covert (level 5, -2/47 HPs)
             Began as a Gnoll Delver on May 20, 2021.
             Was an Initiate of Okawaru.
             Splashed by Ijyb's acid (15 damage)
             ... on level 4 of the Dungeon.
             The game lasted 00:05:04 (3212 turns).

flotson the Covert (Gnoll Delver)                   Turns: 3212, Time: 00:05:04

Health: -2/47      AC:  5    Str: 12    XL:     5   Next: 91%
Magic:  7/7        EV: 12    Int:  9    God:    Okawaru [......]
Gold:   210        SH:  0    Dex: 14    Spells: 7/7 levels left

rFire    . . .     SeeInvis .   a - +0 whip (venom)
rCold    . . .     Faith    +   (no shield)
rNeg     + . .     Spirit   .   i - +0 ring mail
rPois    +         Reflect  .   r - +0 helmet
rElec    .         Harm     .   y - +0 cloak
rCorr    .         Rampage  .   p - +0 pair of gloves
Will     .....                  o - +0 pair of boots
Stlth    ++++......             t - amulet of faith
HPRegen  0.15/turn              A - ring of positive energy
MPRegen  0.10/turn              u - ring of poison resistance

@: lethally poisoned (-2 -> -8), corroded
A: fangs 1, strong nose, distributed training
a: Renounce Religion


You were on level 4 of the Dungeon.
You worshipped Okawaru.
Okawaru was noncommittal.
You visited 2 branches of the dungeon, and saw 6 of its levels.

You collected 210 gold pieces.

Inventory:

Hand Weapons
 a - a +0 whip of venom (weapon)
 b - a +0 hunting sling
Missiles
 h - 23 sling bullets
 x - 5 boomerangs
 z - 2 atropa-tipped darts
 D - 2 poisoned darts (quivered)
Armour
 i - a +0 ring mail (worn)
 o - a +0 pair of boots (worn)
 p - a +0 pair of gloves (worn)
 r - a +0 helmet (worn)
 y - a +0 cloak (worn)
Jewellery
 k - a ring of see invisible
 t - an amulet of faith (around neck)
 u - a ring of poison resistance (right hand)
 A - a ring of positive energy (left hand)
 B - a ring of protection from cold
Wands
 f - a wand of acid (2)
 g - a wand of digging (3)
 j - a wand of flame (24)
Scrolls
 c - 2 scrolls of fog
 d - a scroll of magic mapping
 e - 3 scrolls of fear
 m - 4 scrolls of identify {unknown}
 q - a scroll of summoning {unknown}
 s - 4 scrolls of blinking {unknown}
 w - a scroll of vulnerability {unknown}
 F - a scroll of amnesia {unknown}
Potions
 l - a potion of magic {unknown}
 n - 4 potions of flight {unknown}
 v - a potion of haste
 C - a potion of curing {unknown}
 E - a potion of brilliance {unknown}


   Skills:
 + Level 6.7 Fighting
 + Level 1.6 Short Blades
 + Level 1.6 Long Blades
 + Level 1.6 Axes
 + Level 1.6 Maces & Flails
 + Level 4.8 Polearms
 + Level 1.6 Staves
 + Level 1.6 Slings
 + Level 1.6 Bows
 + Level 1.6 Crossbows
 + Level 1.6 Throwing
 + Level 1.6 Armour
 + Level 4.8 Dodging
 + Level 9.7 Stealth
 + Level 1.6 Shields
 + Level 1.6 Unarmed Combat
 + Level 1.6 Spellcasting
 + Level 1.3 Conjurations
 + Level 1.3 Hexes
 + Level 1.3 Summonings
 + Level 1.3 Necromancy
 + Level 1.3 Translocations
 + Level 1.3 Transmutations
 + Level 1.3 Fire Magic
 + Level 1.3 Ice Magic
 + Level 1.3 Air Magic
 + Level 1.3 Earth Magic
 + Level 1.3 Poison Magic
 + Level 1.9 Invocations
 + Level 1.6 Evocations


You had 7 spell levels left.
You didn't know any spells.
Your spell library was empty.

Dungeon Overview and Level Annotations

Branches:
Dungeon (5/15)             Temple (1/1) D:5

Altars:
Ashenzari
Cheibriados
Dithmenos
Elyvilon
Gozag
Hepliaklqana
Kikubaaqudgha
Makhleb
Okawaru
Qazlal
Ru
Sif Muna
Uskayaw
Vehumet
Wu Jian
Xom
Zin
The Shining One

Shops:
D:2 !   D:3 (

Annotations:
D:4 Ijyb


Innate Abilities, Weirdness & Mutations

You have very sharp teeth.
Your uncanny sense of smell can sniff out nearby items.
Your experience applies equally to all skills.


Message History

Okay, then.
A goblin comes into view. It is wielding a +0 dagger.
You see here 7 gold pieces.
Ijyb the Twisted Goblin comes into view.
She is wielding a +0 dagger of venom and carrying a wand of acid (8).
Ijyb shouts!
The goblin shouts!
The goblin barely misses you.
You hit the goblin.
The goblin is severely wounded.
The goblin closely misses you.
You hit the goblin.
You kill the goblin!
Okawaru accepts your kill.
Ijyb zaps a wand.
The bolt of acid misses you.
You barely miss Ijyb. Your bite misses Ijyb.
Ijyb hits you with a +0 dagger of venom.
You are poisoned.
You miss Ijyb.
You feel very sick. Ijyb closely misses you.
You hit Ijyb but do no damage.
You feel very sick.
Ijyb hits you with a +0 dagger of venom.
You are more poisoned.
You hit Ijyb.
Ijyb is poisoned.
Ijyb is lightly wounded.
You feel very sick.
Ijyb hits you with a +0 dagger of venom.
You hit Ijyb.
Ijyb looks as sick as possible!
Ijyb is moderately wounded.
You feel very sick. Ijyb barely misses you.
You hit Ijyb.
Ijyb looks as sick as possible!
You bite Ijyb, but do no damage.
Ijyb is heavily wounded.
You feel sick. Ijyb closely misses you.
You hit Ijyb.
Ijyb looks as sick as possible!
Ijyb is severely wounded.
You feel sick.
Ijyb zaps a wand.
The bolt of acid hits you!
* * * LOW HITPOINT WARNING * * *
The acid corrodes you!
You are splashed with acid!
You die...

..# #.###.#
..........##..## ..# ..#
#.# ##...............## ..#
.. . ....###....... #..# .#
. #...# ##...... ###..
...##.... #...... .##
.#...## ##...... # ...
##.......
#)####..##........
##@gw.......###....
###..####$..## ##...
..###.......#...# #...
....##.........## ##.#
...#..##$......<# #.#
.#..##..[.##......# ##..
......#.##...##....#####...
..
......................)..#
..
#........##....#........##


You could see Ijyb (extremely poisoned) and a dart slug.

Vanquished Creatures
  A hound (D:5)
  An iguana (D:4)
  2 orc wizards (D:4)
  A hound skeleton (D:4)
  2 adders (D:4)
  A worm (D:2)
  3 dart slugs
  5 orcs
  7 ball pythons
  6 bats
  3 endoplasms
  A giant cockroach (D:1)
  5 hobgoblins
  2 jackals (D:3)
  4 quokkas
  3 frilled lizards
  4 goblins
  A jackal skeleton (D:4)
  5 kobolds
  8 rats
65 creatures vanquished.

Notes
Turn   | Place    | Note
-------+----------+-------------------------------------------
     0 | D:5      | Reached skill level 9 in Stealth
     0 | D:5      | flotson the Gnoll Delver began the quest for the Orb.
     0 | D:5      | Reached XP level 1. HP: 23/23 MP: 1/1
     4 | D:5      | Noticed a hound
    23 | D:5      | Killed a hound
    24 | D:5      | Reached XP level 2. HP: 14/29 MP: 2/2
    24 | D:5      | Reached XP level 3. HP: 17/35 MP: 3/3
   214 | D:5      | Found a staircase to the Ecumenical Temple.
   224 | Temple   | Entered the Ecumenical Temple
   234 | Temple   | Became a worshipper of Warmaster Okawaru
   328 | D:3      | Found an opulent altar of Gozag.
   480 | D:2      | Reached skill level 1 in Invocations
   688 | D:1      | Reached skill level 1 in Short Blades
   688 | D:1      | Reached skill level 1 in Long Blades
   688 | D:1      | Reached skill level 1 in Axes
   688 | D:1      | Reached skill level 1 in Maces & Flails
   688 | D:1      | Reached skill level 1 in Staves
   688 | D:1      | Reached skill level 1 in Slings
   688 | D:1      | Reached skill level 1 in Bows
   688 | D:1      | Reached skill level 1 in Crossbows
   688 | D:1      | Reached skill level 1 in Throwing
   688 | D:1      | Reached skill level 1 in Armour
   688 | D:1      | Reached skill level 1 in Shields
   688 | D:1      | Reached skill level 1 in Unarmed Combat
   688 | D:1      | Reached skill level 1 in Spellcasting
   688 | D:1      | Reached skill level 1 in Evocations
  1047 | D:1      | Reached XP level 4. HP: 26/41 MP: 5/5
  1242 | D:1      | Found a faded altar of an unknown god.
  1371 | D:2      | Found Gages's Distillery.
  2143 | D:3      | Reached skill level 1 in Conjurations
  2143 | D:3      | Reached skill level 1 in Hexes
  2143 | D:3      | Reached skill level 1 in Summonings
  2143 | D:3      | Reached skill level 1 in Necromancy
  2143 | D:3      | Reached skill level 1 in Translocations
  2143 | D:3      | Reached skill level 1 in Transmutations
  2143 | D:3      | Reached skill level 1 in Fire Magic
  2143 | D:3      | Reached skill level 1 in Ice Magic
  2143 | D:3      | Reached skill level 1 in Air Magic
  2143 | D:3      | Reached skill level 1 in Earth Magic
  2143 | D:3      | Reached skill level 1 in Poison Magic
  2260 | D:3      | Found Getemp's Weapon Shop.
  2520 | D:4      | Reached XP level 5. HP: 47/47 MP: 6/6
  3202 | D:4      | Noticed Ijyb
  3212 | D:4      | Splashed by Ijyb's acid

Illustrated notes

Levels and vault maps discovered:
D:1:      dpeg_arrival_castle, layout_basic, basic_ecumenical_altar
D:2:      layout_rooms, serial_shops, nicolae_shop_trees
D:3:      layout_loops_cross, grunt_gozag_breadcrumbs, serial_shops, shop,
          minmay_tree_intersection
D:4:      layout_layer_cave, hangedman_decor_peaks_small, st_stairs_10,
          uniq_ijyb
D:5:      layout_gridville, minmay_temple_entry_antechambers, uniq_pikel
Temple:   dpeg_three_leaves_temple

Skill      XL: |  1  2  3  4 |
---------------+-------------+-----
Stealth        | |  9.7
Invocations    | 1 |  1.9
Short Blades   | 1 |  1.6
Long Blades    | 1 |  1.6
Axes           | 1 |  1.6
Maces & Flails | 1 |  1.6
Staves         | 1 |  1.6
Slings         | 1 |  1.6
Bows           | 1 |  1.6
Crossbows      | 1 |  1.6
Throwing       | 1 |  1.6
Armour         | 1 |  1.6
Shields        | 1 |  1.6
Unarmed Combat | 1 |  1.6
Spellcasting   | 1 |  1.6
Evocations     | 1 |  1.6
Conjurations   | 1 |  1.3
Hexes          | 1 |  1.3
Summonings     | 1 |  1.3
Necromancy     | 1 |  1.3
Translocations | 1 |  1.3
Transmutations | 1 |  1.3
Fire Magic     | 1 |  1.3
Ice Magic      | 1 |  1.3
Air Magic      | 1 |  1.3
Earth Magic    | 1 |  1.3
Poison Magic   | 1 |  1.3
Fighting       | |  6.7
Polearms       | |  4.8
Dodging        | |  4.8

Action                   |  1- 3 |  4- 6 || total
-------------------------+-------+-------++-------
Melee: Spear             |    88 |       ||    88
       Bite              |     6 |     9 ||    15
       Whip              |     6 |   102 ||   108
       Punch             |       |     1 ||     1
 Fire: Hunting sling     |       |    40 ||    40
  Use: Potion            |     1 |       ||     1
 Stab: Sleeping          |    10 |     9 ||    19
Armor: Leather armour    |     2 |       ||     2
       Ring mail         |    11 |    44 ||    55
Dodge: Dodged            |    33 |    60 ||    93

Table legend: (Time is in decaauts)
 A = Elapsed time spent in this place.
 B = Non-inter-level travel time spent in this place.
 C = Inter-level travel time spent in this place.
 D = Time resting spent in this place.
 E = Time spent auto-exploring this place.
 F = Levels seen in this place.
 G = Mean time per level.
                   A        B        C        D        E       F      G
               +--------+--------+--------+--------+--------+-----+--------+
         Total |   3190 |   3016 |    174 |      4 |   2427 |   6 |  531.7 |
       Dungeon |   3172 |   3006 |    166 |      4 |   2426 |   5 |  634.4 |
        Temple |     18 |     10 |      8 |      0 |      1 |   1 |   18.0 |
               +--------+--------+--------+--------+--------+-----+--------+

Top non-repeatable levels by time:
     D:1: 883 daAuts
     D:3: 795 daAuts
     D:4: 785 daAuts
     D:2: 467 daAuts
     D:5: 239 daAuts
  Temple: 18 daAuts
